Map: Ephemeron LE

Players

Stats

  • Race: Protoss Protoss
  • League: Grandmaster
  • Spawn Location: 5:00

Serral - Winner!

  • Race: Zerg Zerg
  • Spawn Location: 11:00

Event: NationWars 2019

VOD

Have the link to the VOD?

Description

Time

  • Played on: Dec. 8, 2019, 4:36 p.m.
  • Length: 19:39

All games in this series

Show
View Real Time Build Order
Export as new Build Order

Stats Protoss 

Build Orders: 1 Gate Expand, Oracle Opening, Phoenix Opening, Archon Immortal 

Get SALT Encoding   

  12  0:00  Probe  
  13  0:13  Probe  
  14  0:19  Pylon  
  14  0:25  Probe  
  15  0:37  Probe (Chrono Boost)  
  15  0:40  Gateway  
  16  0:47  Probe (Chrono Boost), Assimilator  
  17  0:52  Probe (Chrono Boost)  
  18  1:03  Probe  
  19  1:15  Probe  
  20  1:25  Nexus  
  20  1:34  Cybernetics Core  
  20  1:37  Probe  
  21  1:42  Assimilator  
  21  1:49  Probe  
  21  1:52  Pylon  
  22  2:01  Probe  
  22  2:07  Adept (Chrono Boost)  
  23  2:14  Probe  
  26  2:16  Stargate  
  26  2:25  Warp Gate  
  26  2:26  Probe  
  27  2:30  Adept  
  29  2:38  Probe (Chrono Boost)  
  29  2:39  Probe (Chrono Boost)  
  31  2:48  Probe (Chrono Boost)  
  31  2:49  Probe (Chrono Boost)  
  33  2:53  Probe x2 (Chrono Boost)  
  35  3:02  Phoenix (Chrono Boost)  
  35  3:04  Probe  
  35  3:05  Probe  
  39  3:09  Pylon  
  39  3:16  Probe  
  39  3:17  Probe  
  39  3:19  Gateway  
  41  3:21  Oracle (Chrono Boost)  
  44  3:28  Probe  
  44  3:29  Probe  
  46  3:34  Assimilator  
  46  3:35  Assimilator  
  46  3:40  Probe  
  46  3:41  Pylon, Probe  
  48  3:51  Oracle (Chrono Boost)  
  48  3:55  Probe x2  
  53  4:08  Probe x2  
  55  4:10  Robotics Facility  
  55  4:16  Adept  
  57  4:18  Adept  
  57  4:22  Probe x2  
  57  4:23  Pylon  
  61  4:24  Pylon  
  61  4:36  Nexus  
  61  4:37  Pylon  
  61  4:41  Adept x2  
  65  4:53  Probe x2  
  67  5:01  Observer  
  67  5:02  Sentry x2  
  67  5:05  Pylon, Probe x2  
  70  5:17  Probe x2  
  70  5:25  Sentry x2  
  70  5:26  Immortal (Chrono Boost)  
  78  5:29  Probe  
  78  5:30  Probe  
  80  5:42  Probe x2, Forge  
  82  5:43  Twilight Council  
  82  5:47  Gateway  
  82  5:48  Gateway  
  82  5:49  Probe  
  83  5:54  Probe x2  
  83  5:55  Gateway  
  83  5:57  Immortal (Chrono Boost)  
  85  5:58  Gateway  
  85  5:59  Protoss Ground Weapons Level 1 (Chrono Boost)  
  85  6:01  Probe  
  90  6:06  Probe x2  
  92  6:14  Phoenix x2  
  89  6:19  Probe x3  
  89  6:21  Charge  
  89  6:23  Templar Archives  
  89  6:24  Assimilator x2  
  92  6:26  Immortal (Chrono Boost)  
  92  6:27  Pylon  
  92  6:32  Probe x3  
  99  6:33  Shield Battery  
  99  6:35  Photon Cannon  
  99  6:47  Pylon  
  99  6:48  Pylon  
  99  6:49  Gateway x2  
  99  6:54  Warp Prism (Chrono Boost)  
  99  7:01  High Templar x2  
  105  7:03  Zealot x2  
  105  7:05  Archon  
  105  7:08  High Templar  
  111  7:12  High Templar  
  113  7:17  Archon  
  113  7:22  Robotics Facility  
  113  7:25  Zealot x2  
  117  7:39  Nexus  
  117  7:41  Pylon, Probe x2  
  117  7:42  Probe  
  117  7:43  Pylon  
  120  7:48  Zealot x3  
  130  7:51  Immortal (Chrono Boost)  
  130  7:52  Psionic Storm  
  130  7:56  Probe  
  130  7:57  Probe x2  
  133  8:02  Zealot x5  
  137  8:12  Probe (Chrono Boost)  
  123  8:13  Probe (Chrono Boost)  
  123  8:18  Probe (Chrono Boost)  
  124  8:25  High Templar, Immortal (Chrono Boost)  
  124  8:26  High Templar x3  
  140  8:36  Immortal (Chrono Boost)  
  138  8:44  Probe x3  
  138  8:45  Stalker, Zealot x3  
  134  9:00  Probe x4  
  138  9:12  Stalker, Probe x4  
  144  9:17  Photon Cannon  
  144  9:19  High Templar x4  
  144  9:21  Shield Battery  
  144  9:23  Archon x2  
  152  9:24  Probe, Shield Battery  
  152  9:27  Shield Battery  
  152  9:28  Probe x3  
  156  9:35  Protoss Ground Weapons Level 2 (Chrono Boost)  
  156  9:36  Probe  
  156  9:40  Probe x3  
  156  9:41  Assimilator  
  156  9:42  Assimilator  
  156  9:43  High Templar x2  
  161  9:50  Pylon  
  161  9:52  Pylon, Blink  
  157  9:53  Pylon  
  157  10:02  Probe x4, Photon Cannon  
  157  10:04  Pylon  
  161  10:09  Photon Cannon  
  161  10:14  Probe x3  
  161  10:15  Gateway x2, Immortal (Chrono Boost)  
  166  10:22  Immortal (Chrono Boost)  
  170  10:31  Fleet Beacon  
  170  10:43  Photon Cannon x2  
  170  10:46  Photon Cannon  
  170  10:47  Photon Cannon  
  168  10:57  High Templar x3  
  168  10:58  High Templar, Zealot x4  
  179  11:08  Archon  
  179  11:10  Immortal  
  179  11:11  Immortal, Mothership (Chrono Boost)  
  157  11:19  Zealot x3  
  157  11:20  Zealot  
  165  11:30  High Templar x2  
  169  11:35  Archon  
  169  11:37  High Templar x2  
  173  11:41  Archon  
  173  11:42  Archon  
  173  11:45  High Templar, Zealot  
  173  11:46  Zealot x4  
  177  11:49  Nexus  
  177  11:51  Pylon  
  177  11:53  Pylon  
  177  11:55  Observer  
  177  11:59  Immortal (Chrono Boost)  
  172  12:11  Shield Battery  
  172  12:12  Shield Battery  
  172  12:13  High Templar x2, Zealot x3  
  172  12:14  Shield Battery, Zealot  
  172  12:15  Photon Cannon  
  184  12:16  Protoss Ground Weapons Level 3 (Chrono Boost)  
  184  12:18  Photon Cannon  
  184  12:24  Archon  
  184  12:26  Immortal (Chrono Boost)  
  188  12:32  Immortal  
  190  12:52  Photon Cannon x2  
  190  12:53  Photon Cannon  
  190  12:54  Zealot x3  
  190  12:55  Zealot  
  198  13:03  Assimilator  
  198  13:06  Assimilator  
  198  13:07  Zealot x2  
  198  13:10  Zealot x2  
  196  13:15  Zealot x5  
  198  13:21  Adept  
  190  13:32  Adept x2  
  194  13:36  Stalker x3  
  184  13:51  Stalker x5  
  184  13:52  Stalker  
  184  13:53  Stalker  
  185  14:15  Stalker x2  
  185  14:16  Stalker x7  
  197  14:29  Archon  
  165  14:36  Stalker  
  141  14:40  Stalker x8  
  141  14:41  Stalker  
  155  14:47  Probe x4  
  155  14:48  Probe, Assimilator  
  154  14:56  Warp Prism  
  144  15:12  High Templar x3  
  144  15:13  High Templar x7  
  114  15:17  Archon x2  
  114  15:23  Photon Cannon  
  114  15:24  Photon Cannon  
  114  15:26  Photon Cannon  
  114  15:45  High Templar x5, Immortal (Chrono Boost)  
  114  15:46  High Templar, Zealot x4  
  114  15:49  Archon  
  138  15:50  Archon x2  
  138  15:51  Immortal (Chrono Boost)  
  142  16:08  Gateway  
  142  16:10  Gateway  
  142  16:14  Stalker x3  
  142  16:15  Stalker  
  142  16:18  Stalker x2  
  154  16:23  Protoss Shields Level 1 (Chrono Boost)  
  146  16:36  Cybernetics Core  
  141  16:52  High Templar x3  
  141  16:53  High Templar, Immortal (Chrono Boost), Zealot x6  
  161  16:54  Immortal (Chrono Boost)  
  169  17:06  Gateway, Archon x2  
  169  17:26  Nexus  
  169  17:28  Pylon  
  169  17:34  Stalker x4  
  169  17:35  Stalker x4  
  180  17:39  Stalker  
  174  17:44  Stalker x2  
  174  17:45  Stalker  
  174  18:00  High Templar x3  
  174  18:01  Stalker x2, High Templar  
  174  18:05  Archon x2  
  169  18:23  Stalker x3  
  169  18:24  Stalker x3  
  163  18:37  Stalker x3  
  166  18:48  Archon  
  137  18:50  Stalker x3  
  137  18:51  Stalker  
  131  19:00  Stalker x2  
Show
View Real Time Build Order
Export as new Build Order

Serral Zerg - Winner!

Build Orders: Hatch First, Brood Lord Corruptor 

Get SALT Encoding   

  12  0:00  Drone  
  13  0:12  Overlord  
  13  0:17  Drone  
  14  0:30  Drone  
  14  0:31  Drone  
  16  0:49  Hatchery  
  15  0:52  Drone  
  15  0:56  Drone  
  17  0:59  Drone  
  18  1:10  Extractor  
  17  1:14  Spawning Pool  
  17  1:17  Drone  
  17  1:20  Drone  
  18  1:28  Drone  
  19  1:38  Drone  
  20  1:49  Overlord  
  20  2:02  Zergling x2, Queen x2  
  20  2:03  Zergling x2  
  26  2:11  Drone  
  26  2:12  Drone  
  26  2:14  Metabolic Boost  
  28  2:22  Drone  
  29  2:23  Drone  
  30  2:36  Hatchery  
  29  2:40  Drone  
  30  2:46  Queen  
  30  2:50  Overlord  
  32  2:53  Drone  
  32  2:56  Drone  
  32  2:58  Drone  
  35  3:01  Drone  
  36  3:11  Drone x2  
  37  3:13  Zergling x2, Drone x2  
  37  3:17  Overlord  
  40  3:21  Queen  
  40  3:25  Drone  
  43  3:27  Overlord  
  43  3:35  Drone  
  43  3:38  Drone  
  43  3:40  Drone  
  43  3:41  Drone x3  
  50  3:48  Drone, Queen  
  50  3:50  Spore Crawler  
  50  3:52  Overlord  
  50  3:54  Drone  
  52  3:56  Spore Crawler  
  52  3:57  Drone  
  52  4:02  Drone  
  53  4:03  Spore Crawler  
  53  4:05  Zergling x4  
  53  4:07  Drone  
  55  4:10  Overlord  
  55  4:13  Drone  
  55  4:14  Drone  
  57  4:21  Drone x3  
  60  4:24  Zergling x2  
  60  4:25  Zergling x2  
  60  4:29  Zergling x2  
  62  4:33  Zergling x2  
  62  4:36  Overlord  
  63  4:39  Drone x2  
  63  4:40  Drone  
  63  4:41  Lair  
  63  4:42  Overlord  
  63  4:43  Roach Warren  
  63  4:45  Zergling x4  
  67  4:46  Drone  
  67  4:48  Drone x2  
  67  4:52  Extractor  
  68  4:53  Extractor  
  68  4:55  Zergling x4  
  68  4:56  Drone  
  69  5:01  Drone x3  
  69  5:04  Drone  
  73  5:09  Drone x2  
  73  5:12  Drone x3  
  77  5:17  Drone x2  
  77  5:20  Drone x4  
  81  5:29  Drone, Extractor, Evolution Chamber  
  81  5:30  Drone x2, Evolution Chamber  
  81  5:31  Extractor  
  81  5:33  Extractor  
  81  5:34  Drone, Overlord  
  81  5:35  Drone  
  81  5:39  Overseer, Glial Reconstitution  
  81  5:43  Drone x3, Hatchery  
  81  5:49  Drone  
  84  5:53  Drone x5  
  84  5:54  Baneling Nest  
  84  5:55  Zerg Melee Weapons Level 1  
  88  5:59  Drone  
  88  6:02  Zerg Missile Weapons Level 1  
  88  6:03  Drone  
  90  6:05  Drone x2  
  90  6:07  Overlord  
  90  6:09  Overlord  
  92  6:16  Drone  
  92  6:17  Drone  
  90  6:18  Drone x2  
  90  6:19  Roach x2  
  90  6:22  Roach  
  90  6:23  Overlord  
  90  6:24  Overlord x2  
  98  6:29  Overlord  
  98  6:32  Overlord  
  97  6:33  Roach x3  
  97  6:36  Pneumatized Carapace  
  97  6:39  Centrifical Hooks  
  103  6:41  Overlord  
  103  6:47  Roach  
  103  6:48  Roach x2  
  103  6:52  Drone  
  110  6:54  Infestation Pit  
  110  6:58  Roach x5  
  119  7:07  Zergling x12  
  125  7:13  Zergling x2  
  125  7:14  Zergling x6  
  125  7:15  Ravager x3  
  131  7:19  Baneling x4  
  131  7:22  Zergling x6  
  134  7:27  Zergling x6  
  136  7:30  Baneling x12  
  136  7:32  Zergling x16  
  142  7:39  Zergling x8  
  142  7:42  Zergling x10  
  150  7:50  Zergling x2  
  149  7:56  Hive, Drone  
  149  7:57  Drone x2, Zerg Missile Weapons Level 2  
  151  7:58  Zerg Melee Weapons Level 2  
  151  7:59  Spire  
  151  8:03  Drone x5  
  151  8:05  Drone  
  152  8:06  Drone  
  146  8:16  Drone x3  
  146  8:18  Extractor  
  146  8:19  Zergling x2  
  152  8:20  Zergling x6  
  152  8:25  Zergling x4, Hatchery  
  153  8:28  Zergling x2  
  153  8:29  Zergling x6  
  157  8:36  Zergling x6  
  158  8:46  Zergling x4, Roach x2  
  147  8:53  Zergling x14, Roach x2  
  142  9:01  Zergling x12  
  145  9:03  Queen  
  145  9:09  Drone  
  148  9:14  Drone  
  149  9:19  Baneling x9  
  149  9:20  Ravager x2, Overlord x5  
  149  9:22  Adrenal Glands  
  149  9:23  Greater Spire  
  151  9:24  Overseer  
  151  9:30  Drone  
  152  9:37  Spore Crawler  
  151  9:39  Zergling x24  
  151  9:44  Zergling x16  
  168  9:49  Queen  
  168  9:50  Zergling x2  
  168  9:51  Zergling x6  
  168  9:52  Baneling x7  
  174  9:53  Baneling x4  
  174  9:56  Baneling  
  174  9:59  Overlord  
  174  10:00  Zergling x6  
  174  10:04  Pathogen Glands  
  174  10:06  Zergling x6  
  180  10:13  Zergling x16  
  188  10:20  Zerg Melee Weapons Level 3  
  188  10:21  Zerg Ground Armor Level 1  
  186  10:23  Zergling x20  
  196  10:33  Drone x3, Spine Crawler  
  196  10:34  Drone, Spine Crawler  
  196  10:35  Baneling x12  
  198  10:39  Overlord  
  198  10:41  Baneling  
  198  10:42  Baneling x10  
  196  10:55  Baneling  
  196  10:56  Baneling x9  
  195  11:04  Zergling x38  
  189  11:06  Zergling x10  
  189  11:08  Zergling x4  
  175  11:14  Zergling x8  
  175  11:18  Zerg Flyer Weapons Level 1  
  179  11:21  Ravager  
  179  11:22  Ravager x2  
  179  11:23  Baneling x7  
  182  11:28  Zergling x14  
  182  11:31  Baneling x15  
  183  11:44  Corruptor x5  
  172  11:49  Corruptor x2  
  172  11:52  Extractor  
  172  11:53  Extractor  
  174  11:55  Drone x3  
  168  12:10  Extractor  
  168  12:14  Corruptor  
  168  12:15  Corruptor x2  
  173  12:17  Overseer  
  173  12:20  Overseer  
  173  12:27  Brood Lord x3  
  179  12:33  Hatchery  
  178  12:45  Brood Lord x4  
  183  12:55  Brood Lord  
  183  12:56  Brood Lord  
  186  13:01  Spine Crawler  
  186  13:04  Spine Crawler  
  183  13:06  Brood Lord  
  183  13:07  Zergling x22  
  183  13:10  Overseer  
  183  13:11  Neural Parasite  
  194  13:19  Zerg Ground Armor Level 2  
  191  13:22  Overlord x2  
  187  13:27  Zerg Flyer Armor Level 1, Overlord x2  
  186  13:39  Overseer, Zergling x24  
  193  13:54  Zergling x14  
  199  14:04  Baneling x13  
  189  14:14  Zergling x16  
  189  14:15  Zergling x22  
  189  14:17  Overseer  
  183  14:18  Drone x3  
  186  14:27  Zergling x38  
  186  14:28  Overseer  
  186  14:29  Zergling x16  
  189  14:32  Zergling x16  
  182  14:45  Infestor x2  
  182  14:46  Infestor x3  
  182  14:47  Corruptor x2  
  182  14:52  Overseer  
  193  14:59  Baneling x11  
  175  15:08  Corruptor x3  
  175  15:09  Corruptor  
  175  15:10  Zergling x8  
  168  15:17  Brood Lord x2  
  171  15:25  Overseer x2  
  171  15:32  Spore Crawler  
  171  15:34  Queen x2  
  171  15:35  Zerg Flyer Weapons Level 2  
  174  15:42  Brood Lord x4  
  182  15:49  Infestor  
  182  15:50  Infestor x2  
  182  15:55  Drone, Extractor  
  182  15:56  Drone x2  
  187  15:57  Extractor  
  183  16:07  Corruptor x3  
  182  16:30  Corruptor x2  
  182  16:31  Corruptor  
  182  16:32  Corruptor  
  179  16:37  Burrow  
  184  16:40  Brood Lord x3  
  185  16:47  Spine Crawler  
  185  16:49  Spine Crawler  
  185  16:50  Zergling x14  
  189  17:05  Brood Lord x4  
  189  17:06  Infestor  
  199  17:12  Baneling x12  
  199  17:13  Overlord  
  199  17:14  Spore Crawler  
  199  17:15  Spore Crawler x3  
  195  17:24  Overseer x2  
  195  17:32  Zergling x10  
  195  17:34  Overseer  
  199  17:39  Zergling x2  
  199  17:47  Overseer  
  195  18:21  Infestor  
  195  18:22  Infestor  
  182  18:49  Zergling x16  
  184  18:58  Zergling x2  
  184  18:59  Zergling x4  
  170  19:03  Zergling x2  
  170  19:04  Zergling x22  
  172  19:17  Zergling x22  
Tags
 
Add a new tag
Caveats
  • Supply blocks, unpowered buildings, or Contaminate may cause inaccurate times.
  • Supply counts are checked every 10 seconds.